 Dungeon Crawl Stone Soup version 0.21-a0-348-ga060c75 (webtiles) character file.

613 Hasart the Basher (level 7, -3/61 HPs)
             Began as a Deep Dwarf Fighter on Oct 6, 2017.
             Slain by Furikabute's ghost (4 damage)
             ... on level 5 of the Dungeon.
             The game lasted 00:05:40 (2742 turns).

Hasart the Basher (Deep Dwarf Fighter)              Turns: 2742, Time: 00:05:41

Health: -3/61      AC:  9    Str: 27    XL:     7   Next: 20%
Magic:  7/7        EV:  7    Int: 10    God:
Gold:   178        SH: 10    Dex: 12    Spells: 6/6 levels left

rFire    . . .     SeeInvis .   a - +0 flail
rCold    . . .     Gourm    .   c - +0 shield
rNeg     . . .     Faith    .   b - +0 scale mail
rPois    .         Spirit   .   g - +0 helmet
rElec    .         Reflect  .   m - +0 cloak
rCorr    .         Harm     .   (no gloves)
MR       +....                  (no boots)
Stlth    ..........             i - amulet of magic regeneration
HPRegen  0.00/turn              (no ring)
MPRegen  0.35/turn              (no ring)

@: mighty, lethally poisoned (-3 -> -21), very slightly contaminated,
non-regenerating
A: damage resistance, heal wounds, clever 1, mutation resistance 1, sense
surroundings 1, no regeneration
a: Heal Wounds


You were on level 5 of the Dungeon.
You were hungry.

You visited 1 branch of the dungeon, and saw 5 of its levels.

You collected 178 gold pieces.

Inventory:

Hand Weapons
 a - a +0 flail (weapon)
Armour
 b - a +0 scale mail (worn)
 c - a +0 shield (worn)
 g - a +0 helmet (worn)
 m - a +0 cloak (worn)
Jewellery
 i - an amulet of magic regeneration (around neck)
Scrolls
 e - 2 scrolls of fear {unknown}
 h - 5 scrolls of identify {unknown}
 j - a scroll of blinking {unknown}
 k - 5 scrolls of teleportation {unknown}
 n - a scroll of amnesia {unknown}
 p - a scroll of recharging {unknown}
 s - a scroll of remove curse {unknown}
Comestibles
 f - 4 bread rations
 l - a meat ration
 r - a royal jelly


   Skills:
 - Level 2.6 Fighting
 + Level 8.1 Maces & Flails
 - Level 3.2 Armour
 - Level 3.2 Shields


You had 6 spell levels left.
You didn't know any spells.

Dungeon Overview and Level Annotations

Branches:
Dungeon (5/15)
 Temple: D:4-7

Altars:
Hepliaklqana
Nemelex Xobeh
The Shining One

Annotations:
D:5 Furikabute's ghost, novice HOFi


Innate Abilities, Weirdness & Mutations

You are resistant to damage.
You can heal yourself by infusing magical energy.
You passively map a small area around you.
You do not regenerate.
Your mind is acute. (Int +2)
You are somewhat resistant to further mutation.


Message History

* * * LOW HITPOINT WARNING * * *
You feel sick. Furikabute's ghost hits you.
You barely miss Furikabute's ghost.
Furikabute's ghost is severely damaged.
* * * LOW HITPOINT WARNING * * *
You feel very sick. Furikabute's ghost hits you.
You are more poisoned.
You sock Furikabute's ghost!
Furikabute's ghost is almost destroyed.
* * * LOW HITPOINT WARNING * * *
You feel very sick.
Furikabute's ghost says, "I am made of steel!"
You block Furikabute's ghost's attack.
You thump Furikabute's ghost!
Furikabute's ghost is almost destroyed.
* * * LOW HITPOINT WARNING * * *
You feel very sick. Furikabute's ghost hits you.
You die...

, * , ,,.
...####### ,.# ,
.........# ..##
....#....#
#####...# ...#....#
#........
........###........
* #.....##........,
#.....@W........
#<...###........
#....# #........ *
#....# #........
#....# #........
###### #........
#########


You could see Furikabute's ghost.

Vanquished Creatures
  2 ogres (D:4)
  A bullfrog (D:5)
  A scorpion (D:4)
  A howler monkey (D:4)
  2 crimson imps
  A hound (D:4)
  An orc priest (D:3)
  2 worker ants
  2 adders
  4 oozes
  3 dart slugs
  5 leopard geckos
  7 orcs
  2 giant cockroaches (D:3)
  4 goblins (D:1)
  10 hobgoblins
  7 kobolds
  2 quokkas (D:3)
  3 ball pythons
  7 bats
  8 frilled lizards
  7 rats
82 creatures vanquished.

Notes
Turn   | Place    | Note
-------+----------+-------------------------------------------
     0 | D:1      | Hasart the Deep Dwarf Fighter began the quest for the Orb.
     0 | D:1      | Reached XP level 1. HP: 20/20 MP: 1/1
    60 | D:1      | Reached XP level 2. HP: 22/27 MP: 2/2
   126 | D:1      | Reached skill level 3 in Maces & Flails
   227 | D:1      | Reached XP level 3. HP: 23/33 MP: 3/3
   564 | D:2      | Reached skill level 4 in Maces & Flails
   905 | D:2      | Reached XP level 4. HP: 22/40 MP: 4/4
  1556 | D:3      | Found a sparkling altar of Nemelex Xobeh.
  1917 | D:3      | Reached skill level 5 in Maces & Flails
  1928 | D:3      | Gained mutation: You are somewhat resistant to further mutation. [potion of mutation]
  1928 | D:3      | Gained mutation: Your mind is acute. (Int +2) [potion of mutation]
  2182 | D:4      | Reached XP level 5. HP: 34/46 MP: 5/5
  2242 | D:4      | Noticed an ogre
  2249 | D:4      | Killed an ogre
  2249 | D:4      | Reached skill level 6 in Maces & Flails
  2249 | D:4      | Reached XP level 6. HP: 34/55 MP: 6/6
  2335 | D:4      | Found a hazy altar of Hepliaklqana.
  2339 | D:4      | Reached skill level 7 in Maces & Flails
  2384 | D:4      | Found a glowing golden altar of the Shining One.
  2701 | D:5      | Entered Level 5 of the Dungeon
  2708 | D:5      | Noticed Furikabute's ghost (novice HOFi)
  2717 | D:5      | Reached XP level 7. HP: 30/61 MP: 7/7
  2727 | D:5      | Reached skill level 8 in Maces & Flails
  2742 | D:5      | HP: 1/61 [poisoned by Furikabute's ghost]
  2742 | D:5      | Slain by Furikabute's ghost

Vault maps used:
D:1:      minmay_arrival_three_doors, roderic_serpentine_path
D:2:      first_bread
D:3:      old_standard_altar
D:4:      nicolae_overflow_hidden_temple, tso_metal_star
D:5:      chequers_temple_overflow_statue_of_worship, basic_altar,
          uniq_eustachio, uniq_edmund, uniq_pikel, uniq_menkaure

Skill      XL: |  1  2  3  4  5  6  7 |
---------------+----------------------+-----
Maces & Flails | 3 4 5 6 7 8 |  8.1
Fighting       | |  2.6
Armour         | |  3.2
Shields        | |  3.2

Action                   |  1- 3 |  4- 6 |  7- 9 || total
-------------------------+-------+-------+-------++-------
Melee: Flail             |   169 |   169 |    23 ||   361
 Abil: Heal Wounds       |       |     1 |       ||     1
  Use: Potion            |       |     4 |     2 ||     6
 Stab: Invisible         |       |       |     5 ||     5
  Eat: Chunk             |       |     6 |       ||     6
Armor: Scale mail        |    93 |    52 |     3 ||   148
Dodge: Dodged            |    62 |    46 |     6 ||   114
Block: Shield            |   112 |    90 |    10 ||   212

Table legend:
 A = Spawn XP
 B = Non-spawn XP
 C = Spawn XP percentage of total XP
 D = Spawn monster count
 E = Non-spawn monster count
 F = Spawn count percentage of total count
 G = Total turns spent on level
                    A         B        C        D         E        F      G
               +---------+---------+-------+---------+---------+-------+---------
         Total |       0 |     877 |   0.0 |       0 |      82 |   0.0 |  2742
               +---------+---------+-------+---------+---------+-------+---------
           D:1 |       0 |      57 |   0.0 |       0 |      28 |   0.0 |   538
           D:2 |       0 |      50 |   0.0 |       0 |      19 |   0.0 |   966
           D:3 |       0 |      66 |   0.0 |       0 |      14 |   0.0 |   665
           D:4 |       0 |     528 |   0.0 |       0 |      18 |   0.0 |   532
           D:5 |       0 |     176 |   0.0 |       0 |       3 |   0.0 |    41
               +---------+---------+-------+---------+---------+-------+---------
